Red Wings vs Sharks

Created - 24 septembre 2019 at 17:03

Simulating a Pre-Season

Goals
1 2 3 OT1 T
Red Wings 0 1 0 0 1
Sharks 0 1 0 1 2
Shots
1 2 3 OT1 T
Red Wings 8 21 7 1 37
Sharks 8 7 8 2 25

1st period

No Goal

Penalties :
Sami Vatanen (DET) for Hooking (Minor) at 1:43, John Tavares (DET) for Hooking (Minor) at 7:28, Boone Jenner (SJS) for Hooking (Minor) at 10:31

2nd period

1. Red Wings , Matthew Nieto 1 (Sam Gagner 2, Nick Bonino 1) at 14:22
2. Sharks , Jonathan Huberdeau 1 (Teuvo Teravainen 2, Zach Werenski 1) at 18:49

Penalties :
Zdeno Chara (DET) for Interference (Minor) at 3:40, Duncan Keith (DET) for Hooking (Minor) at 8:08

3rd period

No Goal

Penalties :
David Pastrnak (DET) for High sticking (Minor) at 10:05

Overtime #1

3. Sharks , Boone Jenner 3 (Teuvo Teravainen 3) at 3:00

Penalties :
No Penalty

Goalie Stats

Marc-Andre Fleury (DET), 23 saves from 25 shots - (0,920), OTL, 2-0-1, 63:00 minutes
Darcy Kuemper (SJS), 36 saves from 37 shots - (0,973), W, 2-1-0, 63:00 minutes

Players Stats for Red Wings

Player Name              G  A  P  +/- PIM S  H  SB GA TA FO     MP     PP MP  PK MP  
------------------------------------------------------------------------------------
Brandon Dubinsky         0  0  0   0  0   1  0  0  1  1  3/7    11:13   0:03   2:04 
Daniel Carr              0  0  0   0  0   2  3  0  1  0  1/1    14:41   0:53   0:00 
David Pastrnak           0  0  0  -1  2   4  3  0  1  0  0/1    19:39   1:01   2:35 
David Sklenicka          0  0  0   0  0   0  1  0  0  0  0/0     6:01   0:00   0:00 
Dennis Gilbert           0  0  0   0  0   0  0  0  0  0  0/0     7:10   0:00   0:31 
Duncan Keith             0  0  0   1  2   0  1  0  0  0  0/0    18:12   0:54   3:51 
Henrik Borgstrom         0  0  0   0  0   4  0  0  2  0  0/0     8:59   0:00   0:00 
Jeff Petry               0  0  0  -1  0   2  1  2  0  1  0/0    26:05   1:05   4:59 
John Carlson             0  0  0   0  0   6  0  1  0  0  0/0    26:14   1:05   5:14 
John Tavares             0  0  0  -2  2   1  3  0  1  0  18/31  21:57   1:01   3:56 
Kasperi Kapanen          0  0  0   0  0   4  1  0  0  0  0/1    14:08   0:53   0:00 
Lars Eller               0  0  0   0  0   2  4  0  1  0  4/8    18:35   0:53   3:14 
Mark Scheifele           0  0  0  -2  0   5  0  1  1  1  2/3    23:00   1:03   5:05 
Matthew Nieto            1  0  1   1  0   1  3  0  0  0  0/0    10:23   0:05   0:11 
Nick Bonino              0  1  1   1  0   3  0  0  0  1  3/4    10:43   0:05   0:00 
Noel Acciari             0  0  0   0  0   2  0  1  1  0  0/0     8:59   0:00   0:00 
Sam Gagner               0  1  1   1  0   0  2  0  1  0  1/2    12:59   0:00   2:45 
Sami Vatanen             0  0  0  -1  2   0  0  2  0  0  0/0    10:36   0:00   0:00 
Steven Santini           0  0  0  -1  0   0  1  0  0  0  0/0    11:55   0:00   1:46 
Zdeno Chara              0  0  0   1  2   0  2  0  0  0  0/0    17:31   0:54   3:29 

Players Stats for Sharks

Player Name              G  A  P  +/- PIM S  H  SB GA TA FO     MP     PP MP  PK MP  
------------------------------------------------------------------------------------
Alex Pietrangelo         0  0  0  -1  0   3  1  2  1  0  0/0    29:36   5:47   0:59 
Andreas Johnsson         0  0  0   0  0   1  0  2  0  0  0/0    12:10   0:00   0:22 
Boone Jenner             1  0  1   2  2   1  1  2  0  0  1/1    20:17   4:27   0:00 
Brett Kulak              0  0  0   0  0   0  0  0  0  0  0/0     0:00   0:00   0:00 
Christian Wolanin        0  0  0   0  0   0  0  0  0  0  0/0     0:00   0:00   0:00 
Colton Sceviour          0  0  0  -1  0   1  1  0  1  0  1/2     5:12   0:00   0:00 
Dylan Larkin             0  0  0   0  0   2  4  0  0  2  0/0    22:50   5:28   0:22 
Gabriel Landeskog        0  0  0   0  0   2  1  0  0  0  0/0    23:34   5:14   0:59 
Jonathan Drouin          0  0  0   0  0   1  0  1  0  0  3/8    12:26   0:00   0:17 
Jonathan Huberdeau       1  0  1   1  0   3  1  0  0  0  6/17   20:40   4:27   1:00 
Justin Braun             0  0  0   0  0   1  0  2  0  3  0/0    28:55   5:47   0:59 
Kenny Agostino           0  0  0  -1  0   0  0  0  0  0  0/0     5:12   0:00   0:00 
Michael Raffl            0  0  0   0  0   2  1  0  0  0  0/0    11:17   0:00   0:00 
Mirco Mueller            0  0  0   0  0   0  0  0  0  1  0/0    11:24   0:00   0:00 
Robert Thomas            0  0  0   0  0   0  1  0  0  0  0/0     4:47   0:14   0:00 
Shea Theodore            0  0  0   0  0   1  0  0  0  0  0/0    11:24   0:00   0:00 
Sidney Crosby            0  0  0  -1  0   0  0  1  0  1  15/29  25:24   5:28   0:58 
Teuvo Teravainen         0  2  2   2  0   5  2  1  1  0  0/1    20:11   4:27   0:00 
Tyson Barrie             0  0  0   1  0   1  1  2  0  2  0/0    20:41   4:08   1:00 
Zach Werenski            0  1  1   1  0   1  0  0  1  1  0/0    21:00   4:08   1:00 

3 Stars

1 - Darcy Kuemper (SJS)
2 - Teuvo Teravainen (SJS)
3 - Matthew Nieto (DET)

Power Play

Red Wings - 0 on 1 Attempt(s) - 0,00%
Sharks - 0 on 5 Attempt(s) - 0,00%

Penalty Kill

Red Wings - 5 on 5 Attempt(s) - 100,00% - Score 0 goal in Penalty Kill
Sharks - 1 on 1 Attempt(s) - 100,00% - Score 0 goal in Penalty Kill

Team Stat

Red Wings - Hits : 25 - Faceoff Wins : 32 - Blocked Shots : 7 - Penalty Minutes : 10
Sharks - Hits : 14 - Faceoff Wins : 26 - Blocked Shots : 13 - Penalty Minutes : 2

Official

Referees : Graham Skiliter and Mike Hasenfratz
Linesman : Bryan Pancich and John Grandt

Game Notes

No Game Note

Red Wings

5 vs 5 Forward 
   Center                   Left Wing                Right Wing               Time % Phy DF OF 
 1 John Tavares             David Pastrnak           Mark Scheifele           40     1   2  2  
 2 Lars Eller               Daniel Carr              Kasperi Kapanen          30     1   2  2  
 3 Nick Bonino              Matthew Nieto            Sam Gagner               20     1   2  2  
 4 Brandon Dubinsky         Henrik Borgstrom         Noel Acciari             10     1   2  2  

5 vs 5 Defense 
   Defense                  Defense                                           Time % Phy DF OF 
 1 John Carlson             Jeff Petry                                        40     1   2  2  
 2 Zdeno Chara              Duncan Keith                                      30     1   2  2  
 3 Sami Vatanen             Steven Santini                                    20     1   2  2  
 4 Dennis Gilbert           David Sklenicka                                   10     1   2  2  

PowerPlay Forward 
   Center                   Left Wing                Right Wing               Time % Phy DF OF 
 1 John Tavares             David Pastrnak           Mark Scheifele           60     1   2  2  
 2 Lars Eller               Daniel Carr              Kasperi Kapanen          40     1   2  2  

PowerPlay Defense
   Defense                  Defense                                           Time % Phy DF OF 
 1 John Carlson             Jeff Petry                                        60     1   2  2  
 2 Zdeno Chara              Duncan Keith                                      40     1   2  2  

Penalty Kill 4 Players Forward 
   Center                   Wing                     Time % Phy DF OF 
 1 John Tavares             Mark Scheifele           60     1   2  2  
 2 David Pastrnak           Lars Eller               40     1   2  2  

Penalty Kill 4 Players Defense
   Defense                  Defense                  Time % Phy DF OF 
 1 John Carlson             Jeff Petry               60     1   2  2  
 2 Zdeno Chara              Duncan Keith             40     1   2  2  

Penalty Kill - 3 Players Forward 
   Forward                                           Time % Phy DF OF 
 1 John Tavares                                      60     1   2  2  
 2 Mark Scheifele                                    40     1   2  2  

Penalty Kill - 3 Players Defense
   Defense                  Defense                  Time % Phy DF OF 
 1 John Carlson             Jeff Petry               60     1   2  2  
 2 Zdeno Chara              Duncan Keith             40     1   2  2  

4 vs 4 Forward 
   Center                   Wing                     Time % Phy DF OF 
 1 John Tavares             Mark Scheifele           60     1   2  2  
 2 David Pastrnak           Lars Eller               40     1   2  2  

4 vs 4 Defense
   Defense                  Defense                  Time % Phy DF OF 
 1 John Carlson             Jeff Petry               60     1   2  2  
 2 Zdeno Chara              Duncan Keith             40     1   2  2  

Last Minutes Offensive
   Center                   Left Wing                Right Wing               Defense                  Defense                  
   John Tavares             David Pastrnak           Mark Scheifele           John Carlson             Jeff Petry               

Last Minutes Defensive
   Center                   Left Wing                Right Wing               Defense                  Defense                  
   John Tavares             David Pastrnak           Mark Scheifele           John Carlson             Jeff Petry               

Goaltenders
Starting : Marc-Andre Fleury        
Backup : Carter Hart              

Extra Forwards
Normal : Nick Bonino, Matthew Nieto, Sam Gagner - PP : Nick Bonino, Matthew Nieto - PK : Sam Gagner
Extra Defensemen
Normal : Sami Vatanen, Steven Santini, Dennis Gilbert - PP : Sami Vatanen - PK : Steven Santini, Dennis Gilbert
Penalty Shots
John Tavares, Mark Scheifele, David Pastrnak, Lars Eller, Nick Bonino
Custom OT Lines Forwards
John Tavares, Mark Scheifele, David Pastrnak, Lars Eller, Nick Bonino, Daniel Carr, Kasperi Kapanen, Matthew Nieto, Sam Gagner, Brandon Dubinsky
Custom OT Lines Defensemen
John Carlson, Jeff Petry, Zdeno Chara, Duncan Keith, Sami Vatanen

Scratches
Tanner Kaspick (Healthy), Jacob Cederholm (Healthy), Michael Hutchinson (Healthy)

Sharks

5 vs 5 Forward 
   Center                   Left Wing                Right Wing               Time % Phy DF OF 
 1 Sidney Crosby            Gabriel Landeskog        Dylan Larkin             40     1   2  2  
 2 Jonathan Huberdeau       Boone Jenner             Teuvo Teravainen         30     1   2  2  
 3 Jonathan Drouin          Andreas Johnsson         Michael Raffl            20     1   2  2  
 4 Colton Sceviour          Kenny Agostino           Sidney Crosby            10     1   2  2  

5 vs 5 Defense 
   Defense                  Defense                                           Time % Phy DF OF 
 1 Alex Pietrangelo         Justin Braun                                      40     1   2  2  
 2 Zach Werenski            Tyson Barrie                                      30     1   2  2  
 3 Shea Theodore            Mirco Mueller                                     20     1   2  2  
 4 Alex Pietrangelo         Justin Braun                                      10     1   2  2  

PowerPlay Forward 
   Center                   Left Wing                Right Wing               Time % Phy DF OF 
 1 Sidney Crosby            Gabriel Landeskog        Dylan Larkin             60     1   2  2  
 2 Jonathan Huberdeau       Boone Jenner             Teuvo Teravainen         40     1   2  2  

PowerPlay Defense
   Defense                  Defense                                           Time % Phy DF OF 
 1 Alex Pietrangelo         Justin Braun                                      60     1   2  2  
 2 Zach Werenski            Tyson Barrie                                      40     1   2  2  

Penalty Kill 4 Players Forward 
   Center                   Wing                     Time % Phy DF OF 
 1 Sidney Crosby            Gabriel Landeskog        60     1   2  2  
 2 Dylan Larkin             Jonathan Huberdeau       40     1   2  2  

Penalty Kill 4 Players Defense
   Defense                  Defense                  Time % Phy DF OF 
 1 Alex Pietrangelo         Justin Braun             60     1   2  2  
 2 Zach Werenski            Tyson Barrie             40     1   2  2  

Penalty Kill - 3 Players Forward 
   Forward                                           Time % Phy DF OF 
 1 Sidney Crosby                                     60     1   2  2  
 2 Gabriel Landeskog                                 40     1   2  2  

Penalty Kill - 3 Players Defense
   Defense                  Defense                  Time % Phy DF OF 
 1 Alex Pietrangelo         Justin Braun             60     1   2  2  
 2 Zach Werenski            Tyson Barrie             40     1   2  2  

4 vs 4 Forward 
   Center                   Wing                     Time % Phy DF OF 
 1 Sidney Crosby            Gabriel Landeskog        60     1   2  2  
 2 Dylan Larkin             Jonathan Huberdeau       40     1   2  2  

4 vs 4 Defense
   Defense                  Defense                  Time % Phy DF OF 
 1 Alex Pietrangelo         Justin Braun             60     1   2  2  
 2 Zach Werenski            Tyson Barrie             40     1   2  2  

Last Minutes Offensive
   Center                   Left Wing                Right Wing               Defense                  Defense                  
   Sidney Crosby            Gabriel Landeskog        Dylan Larkin             Alex Pietrangelo         Justin Braun             

Last Minutes Defensive
   Center                   Left Wing                Right Wing               Defense                  Defense                  
   Sidney Crosby            Gabriel Landeskog        Dylan Larkin             Alex Pietrangelo         Justin Braun             

Goaltenders
Starting : Darcy Kuemper            
Backup : Jake Allen               

Extra Forwards
Normal : Robert Thomas, Jonathan Drouin, Andreas Johnsson - PP : Robert Thomas, Jonathan Drouin - PK : Andreas Johnsson
Extra Defensemen
Normal : Shea Theodore, Mirco Mueller, Zach Werenski - PP : Shea Theodore - PK : Mirco Mueller, Zach Werenski
Penalty Shots
Sidney Crosby, Gabriel Landeskog, Dylan Larkin, Jonathan Huberdeau, Boone Jenner
Custom OT Lines Forwards
Sidney Crosby, Gabriel Landeskog, Dylan Larkin, Jonathan Huberdeau, Boone Jenner, Teuvo Teravainen, Jonathan Drouin, Andreas Johnsson, Michael Raffl, Colton Sceviour
Custom OT Lines Defensemen
Alex Pietrangelo, Justin Braun, Zach Werenski, Tyson Barrie, Shea Theodore

Scratches
Mark Borowiecki (Lower Body Injury)

% Time on Ice - Red Wings

Lines # - Real PCT - Wanted PCT - Time Play
Normal Forward
1 - 32% - 40% - 15:22
2 - 29% - 30% - 13:50
3 - 21% - 20% - 9:55
4 - 19% - 10% - 8:59
Normal Defense
1 - 38% - 40% - 18:28
2 - 28% - 30% - 13:28
3 - 21% - 20% - 10:09
4 - 13% - 10% - 6:01
PP Forward
1 - 55% - 60% - 1:06
2 - 45% - 40% - 0:53
PP Defense
1 - 55% - 60% - 1:05
2 - 45% - 40% - 0:54
PK Forward
1 - 67% - 60% - 6:41
2 - 33% - 40% - 3:14
PK Defense
1 - 50% - 60% - 4:59
2 - 50% - 40% - 4:56
PK3 Forward
1 - 0% - 60%
2 - 0% - 40%
PK3 Defense
1 - 0% - 60%
2 - 0% - 40%
44 Forward
1 - 0% - 60%
2 - 0% - 40%
44 Defense
1 - 0% - 60%
2 - 0% - 40%
Last Minute Offensive  - 0:00
Last Minute Defensive  - 0:00
Total
Forward - 60:00
Defense - 60:00

% Time on Ice - Sharks

Lines # - Real PCT - Wanted PCT - Time Play
Normal Forward
1 - 34% - 40% - 16:28
2 - 31% - 30% - 15:09
3 - 23% - 20% - 11:17
4 - 11% - 10% - 5:12
Normal Defense
1 - 39% - 40% - 18:53
2 - 32% - 30% - 15:33
3 - 24% - 20% - 11:21
4 - 5% - 10% - 2:19
PP Forward
1 - 55% - 60% - 5:28
2 - 45% - 40% - 4:27
PP Defense
1 - 58% - 60% - 5:47
2 - 42% - 40% - 4:08
PK Forward
1 - 82% - 60% - 1:37
2 - 18% - 40% - 0:22
PK Defense
1 - 50% - 60% - 0:59
2 - 50% - 40% - 1:00
PK3 Forward
1 - 0% - 60%
2 - 0% - 40%
PK3 Defense
1 - 0% - 60%
2 - 0% - 40%
44 Forward
1 - 0% - 60%
2 - 0% - 40%
44 Defense
1 - 0% - 60%
2 - 0% - 40%
Last Minute Offensive  - 0:00
Last Minute Defensive  - 0:00
Total
Forward - 60:00
Defense - 60:00

Play-by-Play

1st period


0:01 of 1st period - John Tavares wins face-off versus Sidney Crosby in neutral zone.
0:08 of 1st period - Slapshot by Mark Scheifele.
0:08 of 1st period - Stopped by Darcy Kuemper with a rebound.
0:27 of 1st period - Boone Jenner is hit by Daniel Carr and loses puck.
0:54 of 1st period - Boone Jenner is hit by Zdeno Chara and loses puck.
0:59 of 1st period - Snap shot by Henrik Borgstrom.
0:59 of 1st period - Shot Misses the Net.
1:01 of 1st period - Wrist shot by Brandon Dubinsky.
1:01 of 1st period - Stopped by Darcy Kuemper without a rebound.
1:02 of 1st period - Sam Gagner wins face-off versus Jonathan Drouin in Sharks zone.
1:43 of 1st period - Minor Penalty to Sami Vatanen for Hooking.
1:44 of 1st period - Sidney Crosby wins face-off versus John Tavares in Red Wings zone.
3:09 of 1st period - Zdeno Chara is hit by Dylan Larkin and loses puck.
3:43 of 1st period - Penalty to Sami Vatanen is over, Sami Vatanen is back on ice.
4:01 of 1st period - Zach Werenski is hit by Lars Eller and loses puck.
4:17 of 1st period - Off-side.
4:18 of 1st period - Colton Sceviour wins face-off versus Brandon Dubinsky in neutral zone.
4:46 of 1st period - Wrist shot by Colton Sceviour.
4:46 of 1st period - Shot Misses the Net.
4:50 of 1st period - Backhand shot by Colton Sceviour.
4:50 of 1st period - Stopped by Marc-Andre Fleury without a rebound.
4:51 of 1st period - Sidney Crosby wins face-off versus Mark Scheifele in Red Wings zone.
4:56 of 1st period - Snap shot by Gabriel Landeskog.
4:56 of 1st period - Shot Misses the Net.
5:18 of 1st period - Justin Braun is hit by David Sklenicka and loses puck.
6:40 of 1st period - Wrist shot by Jonathan Drouin.
6:40 of 1st period - Shot Misses the Net.
6:52 of 1st period - Alex Pietrangelo is hit by Zdeno Chara and loses puck.
7:17 of 1st period - Snap shot by Sidney Crosby.
7:17 of 1st period - Shot Hit the Post.
7:25 of 1st period - Snap shot by Teuvo Teravainen.
7:25 of 1st period - Stopped by Marc-Andre Fleury without a rebound.
7:26 of 1st period - John Tavares wins face-off versus Jonathan Drouin in Red Wings zone.
7:28 of 1st period - Minor Penalty to John Tavares for Hooking.
7:29 of 1st period - Sidney Crosby wins face-off versus Sam Gagner in Red Wings zone.
8:54 of 1st period - Snap shot by Sam Gagner.
8:54 of 1st period - Shot Blocked by Boone Jenner.
9:19 of 1st period - Icing by Alex Pietrangelo.
9:20 of 1st period - Sidney Crosby wins face-off versus Brandon Dubinsky in Sharks zone.
9:28 of 1st period - Penalty to John Tavares is over, John Tavares is back on ice.
9:31 of 1st period - Slapshot by Jonathan Drouin.
9:31 of 1st period - Shot Misses the Net.
9:33 of 1st period - Slapshot by Zach Werenski.
9:33 of 1st period - Stopped by Marc-Andre Fleury without a rebound.
9:34 of 1st period - Jonathan Drouin wins face-off versus David Pastrnak in Red Wings zone.
9:43 of 1st period - Wrist shot by John Tavares.
9:43 of 1st period - Shot Blocked by Tyson Barrie.
9:49 of 1st period - Wrist shot by David Pastrnak.
9:49 of 1st period - Shot Misses the Net.
9:51 of 1st period - Slapshot by Mark Scheifele.
9:51 of 1st period - Stopped by Darcy Kuemper without a rebound.
9:52 of 1st period - Lars Eller wins face-off versus Sidney Crosby in Sharks zone.
9:59 of 1st period - Jeff Petry is hit by Dylan Larkin and loses puck.
10:29 of 1st period - Snap shot by David Pastrnak.
10:29 of 1st period - Stopped by Darcy Kuemper with a rebound.
10:31 of 1st period - Minor Penalty to Boone Jenner for Hooking.
10:32 of 1st period - John Tavares wins face-off versus Sidney Crosby in Sharks zone.
12:31 of 1st period - Penalty to Boone Jenner is over, Boone Jenner is back on ice.
12:32 of 1st period - Zach Werenski is hit by Jeff Petry and loses puck.
12:45 of 1st period - Brandon Dubinsky is hit by Michael Raffl and loses puck.
13:19 of 1st period - Icing by Teuvo Teravainen.
13:20 of 1st period - Brandon Dubinsky wins face-off versus Sidney Crosby in Sharks zone.
13:49 of 1st period - Wrist shot by Lars Eller.
13:49 of 1st period - Stopped by Darcy Kuemper without a rebound.
13:50 of 1st period - John Tavares wins face-off versus Jonathan Huberdeau in Sharks zone.
13:58 of 1st period - Icing by Alex Pietrangelo.
13:59 of 1st period - John Tavares wins face-off versus Jonathan Huberdeau in Sharks zone.
14:08 of 1st period - Wrist shot by Teuvo Teravainen.
14:08 of 1st period - Stopped by Marc-Andre Fleury without a rebound.
14:09 of 1st period - Sidney Crosby wins face-off versus John Tavares in Red Wings zone.
14:24 of 1st period - Snap shot by Mark Scheifele.
14:24 of 1st period - Stopped by Darcy Kuemper with a rebound.
14:26 of 1st period - Slapshot by Duncan Keith.
14:26 of 1st period - Shot Misses the Net.
14:35 of 1st period - Icing by Dylan Larkin.
14:36 of 1st period - Lars Eller wins face-off versus Jonathan Huberdeau in Sharks zone.
15:05 of 1st period - Snap shot by Dylan Larkin.
15:05 of 1st period - Stopped by Marc-Andre Fleury with a rebound.
15:07 of 1st period - Slapshot by Justin Braun.
15:07 of 1st period - Shot Blocked by Jeff Petry.
15:09 of 1st period - Slapshot by Justin Braun.
15:09 of 1st period - Stopped by Marc-Andre Fleury without a rebound.
15:10 of 1st period - John Tavares wins face-off versus Sidney Crosby in Red Wings zone.
15:18 of 1st period - Icing by Gabriel Landeskog.
15:19 of 1st period - John Tavares wins face-off versus Sidney Crosby in Sharks zone.
15:36 of 1st period - Snap shot by John Tavares.
15:36 of 1st period - Stopped by Darcy Kuemper without a rebound.
15:37 of 1st period - Jonathan Huberdeau wins face-off versus Lars Eller in Sharks zone.
16:15 of 1st period - Snap shot by Sam Gagner.
16:15 of 1st period - Shot Misses the Net.
16:17 of 1st period - Snap shot by Nick Bonino.
16:17 of 1st period - Shot Blocked by Justin Braun.
16:41 of 1st period - Justin Braun is hit by David Pastrnak and loses puck.
18:08 of 1st period - Slapshot by Nick Bonino.
18:08 of 1st period - Stopped by Darcy Kuemper without a rebound.
18:09 of 1st period - John Tavares wins face-off versus Jonathan Huberdeau in Sharks zone.
18:36 of 1st period - Daniel Carr is hit by Dylan Larkin and loses puck.
18:59 of 1st period - Slapshot by Tyson Barrie.
18:59 of 1st period - Stopped by Marc-Andre Fleury with a rebound.
19:01 of 1st period - Snap shot by Andreas Johnsson.
19:01 of 1st period - Stopped by Marc-Andre Fleury without a rebound.
19:02 of 1st period - John Tavares wins face-off versus Jonathan Huberdeau in Red Wings zone.
19:02 of 1st period - John Tavares is hit by Boone Jenner.
19:28 of 1st period - Gabriel Landeskog is hit by Daniel Carr and loses puck.
Goals for this period are 0 for Red Wings vs 0 for Sharks.
Shots for this period are 8 for Red Wings vs 8 for Sharks.

2nd period


0:01 of 2nd period - John Tavares wins face-off versus Sidney Crosby in neutral zone.
0:16 of 2nd period - Slapshot by Mark Scheifele.
0:16 of 2nd period - Stopped by Darcy Kuemper with a rebound.
0:30 of 2nd period - Wrist shot by Teuvo Teravainen.
0:30 of 2nd period - Stopped by Marc-Andre Fleury with a rebound.
0:32 of 2nd period - Backhand shot by Jonathan Huberdeau.
0:32 of 2nd period - Shot Misses the Net.
0:34 of 2nd period - Slapshot by Justin Braun.
0:34 of 2nd period - Shot Blocked by John Carlson.
0:36 of 2nd period - Backhand shot by Alex Pietrangelo.
0:36 of 2nd period - Stopped by Marc-Andre Fleury with a rebound.
0:52 of 2nd period - Backhand shot by John Carlson.
0:52 of 2nd period - Shot Blocked by Jonathan Drouin.
0:56 of 2nd period - Slapshot by John Carlson.
0:56 of 2nd period - Stopped by Darcy Kuemper with a rebound.
0:58 of 2nd period - Slapshot by John Carlson.
0:58 of 2nd period - Deflect By Jonathan Drouin.
0:58 of 2nd period - Stopped by Darcy Kuemper without a rebound.
0:59 of 2nd period - Mark Scheifele wins face-off versus Sidney Crosby in Sharks zone.
1:08 of 2nd period - Backhand shot by Sidney Crosby.
1:08 of 2nd period - Deflect By Dylan Larkin.
1:08 of 2nd period - Shot Blocked by Sami Vatanen.
1:08 of 2nd period - Puck is out of play.
1:09 of 2nd period - John Tavares wins face-off versus Sidney Crosby in Red Wings zone.
1:09 of 2nd period - John Tavares is hit by Dylan Larkin.
1:41 of 2nd period - Snap shot by Sidney Crosby.
1:41 of 2nd period - Shot Misses the Net.
1:43 of 2nd period - Slapshot by Shea Theodore.
1:43 of 2nd period - Deflect By David Pastrnak.
1:43 of 2nd period - Stopped by Marc-Andre Fleury without a rebound.
1:44 of 2nd period - Jonathan Huberdeau wins face-off versus Kasperi Kapanen in Red Wings zone.
1:47 of 2nd period - Snap shot by Jonathan Huberdeau.
1:47 of 2nd period - Stopped by Marc-Andre Fleury without a rebound.
1:48 of 2nd period - Jonathan Huberdeau wins face-off versus Lars Eller in Red Wings zone.
1:49 of 2nd period - Snap shot by Teuvo Teravainen.
1:49 of 2nd period - Stopped by Marc-Andre Fleury with a rebound.
1:51 of 2nd period - Slapshot by Boone Jenner.
1:51 of 2nd period - Shot Misses the Net.
2:15 of 2nd period - Gabriel Landeskog is hit by David Pastrnak and loses puck.
2:21 of 2nd period - Icing by Justin Braun.
2:22 of 2nd period - Sidney Crosby wins face-off versus Lars Eller in Sharks zone.
3:21 of 2nd period - Slapshot by John Carlson.
3:21 of 2nd period - Deflect By Jonathan Drouin.
3:21 of 2nd period - Stopped by Darcy Kuemper with a rebound.
3:40 of 2nd period - Minor Penalty to Zdeno Chara for Interference.
3:41 of 2nd period - John Tavares wins face-off versus Sidney Crosby in Red Wings zone.
4:29 of 2nd period - Jeff Petry is hit by Teuvo Teravainen.
5:34 of 2nd period - Gabriel Landeskog is hit by Duncan Keith and loses puck.
5:40 of 2nd period - Penalty to Zdeno Chara is over, Zdeno Chara is back on ice.
6:04 of 2nd period - Wrist shot by Brandon Dubinsky.
6:04 of 2nd period - Shot Misses the Net.
6:16 of 2nd period - Wrist shot by Lars Eller.
6:16 of 2nd period - Shot Blocked by Andreas Johnsson.
6:18 of 2nd period - Slapshot by Kasperi Kapanen.
6:18 of 2nd period - Shot Blocked by Tyson Barrie.
6:20 of 2nd period - Snap shot by Kasperi Kapanen.
6:20 of 2nd period - Shot Misses the Net.
6:27 of 2nd period - Icing by Andreas Johnsson.
6:28 of 2nd period - Nick Bonino wins face-off versus Jonathan Drouin in Sharks zone.
6:33 of 2nd period - Slapshot by John Carlson.
6:33 of 2nd period - Deflect By Tyson Barrie.
6:33 of 2nd period - Stopped by Darcy Kuemper with a rebound.
6:37 of 2nd period - Snap shot by Henrik Borgstrom.
6:37 of 2nd period - Stopped by Darcy Kuemper with a rebound.
6:39 of 2nd period - Snap shot by Henrik Borgstrom.
6:39 of 2nd period - Stopped by Darcy Kuemper with a rebound.
6:41 of 2nd period - Snap shot by Brandon Dubinsky.
6:41 of 2nd period - Shot Blocked by Andreas Johnsson.
6:43 of 2nd period - Snap shot by Noel Acciari.
6:43 of 2nd period - Shot Misses the Net.
6:55 of 2nd period - Wrist shot by David Pastrnak.
6:55 of 2nd period - Stopped by Darcy Kuemper with a rebound.
7:28 of 2nd period - Snap shot by Lars Eller.
7:28 of 2nd period - Shot Blocked by Sidney Crosby.
7:38 of 2nd period - Slapshot by Henrik Borgstrom.
7:38 of 2nd period - Shot Misses the Net.
7:44 of 2nd period - Wrist shot by Henrik Borgstrom.
7:44 of 2nd period - Deflect By Gabriel Landeskog.
7:44 of 2nd period - Shot Misses the Net.
7:44 of 2nd period - Puck is out of play.
7:45 of 2nd period - Jonathan Huberdeau wins face-off versus Brandon Dubinsky in Sharks zone.
7:52 of 2nd period - Duncan Keith is hit by Teuvo Teravainen and loses puck.
8:08 of 2nd period - Minor Penalty to Duncan Keith for Hooking.
8:09 of 2nd period - Sidney Crosby wins face-off versus John Tavares in Red Wings zone.
10:08 of 2nd period - Penalty to Duncan Keith is over, Duncan Keith is back on ice.
10:28 of 2nd period - Tyson Barrie is hit by Matthew Nieto and loses puck.
11:38 of 2nd period - Wrist shot by Nick Bonino.
11:38 of 2nd period - Shot Blocked by Alex Pietrangelo.
11:52 of 2nd period - Sidney Crosby is hit by Lars Eller and loses puck.
12:29 of 2nd period - Snap shot by Gabriel Landeskog.
12:29 of 2nd period - Shot Blocked by Jeff Petry.
14:12 of 2nd period - Slapshot by Tyson Barrie.
14:12 of 2nd period - Deflect By Colton Sceviour.
14:12 of 2nd period - Shot Misses the Net.
14:12 of 2nd period - Puck is out of play.
14:13 of 2nd period - Nick Bonino wins face-off versus Colton Sceviour in Red Wings zone.
14:22 of 2nd period - Snap shot by Sam Gagner.
14:22 of 2nd period - Deflect By Matthew Nieto.
14:22 of 2nd period - Goal by Matthew Nieto - Red Wings : 1 - Sharks : 0.
14:23 of 2nd period - John Tavares wins face-off versus Sidney Crosby in neutral zone.
14:34 of 2nd period - Backhand shot by David Pastrnak.
14:34 of 2nd period - Stopped by Darcy Kuemper with a rebound.
14:36 of 2nd period - Slapshot by Jeff Petry.
14:36 of 2nd period - Stopped by Darcy Kuemper with a rebound.
14:40 of 2nd period - Slapshot by Mark Scheifele.
14:40 of 2nd period - Stopped by Darcy Kuemper without a rebound.
14:41 of 2nd period - Jonathan Huberdeau wins face-off versus Lars Eller in Sharks zone.
14:41 of 2nd period - Jonathan Huberdeau is hit by Daniel Carr.
14:49 of 2nd period - Slapshot by John Carlson.
14:49 of 2nd period - Stopped by Darcy Kuemper without a rebound.
14:50 of 2nd period - Daniel Carr wins face-off versus Jonathan Huberdeau in Sharks zone.
14:51 of 2nd period - Slapshot by Kasperi Kapanen.
14:51 of 2nd period - Deflect By Lars Eller.
14:51 of 2nd period - Stopped by Darcy Kuemper with a rebound.
15:19 of 2nd period - Snap shot by Daniel Carr.
15:19 of 2nd period - Shot Misses the Net.
15:21 of 2nd period - Snap shot by Lars Eller.
15:21 of 2nd period - Deflect By Daniel Carr.
15:21 of 2nd period - Stopped by Darcy Kuemper with a rebound.
15:23 of 2nd period - Slapshot by Daniel Carr.
15:23 of 2nd period - Shot Misses the Net.
15:25 of 2nd period - Snap shot by Kasperi Kapanen.
15:25 of 2nd period - Stopped by Darcy Kuemper with a rebound.
15:27 of 2nd period - Snap shot by Kasperi Kapanen.
15:27 of 2nd period - Shot Blocked by Boone Jenner.
15:29 of 2nd period - Slapshot by John Carlson.
15:29 of 2nd period - Stopped by Darcy Kuemper with a rebound.
15:31 of 2nd period - Slapshot by John Carlson.
15:31 of 2nd period - Deflect By Kasperi Kapanen.
15:31 of 2nd period - Stopped by Darcy Kuemper with a rebound.
15:33 of 2nd period - Slapshot by Jeff Petry.
15:33 of 2nd period - Stopped by Darcy Kuemper without a rebound.
15:34 of 2nd period - Sidney Crosby wins face-off versus John Tavares in Sharks zone.
15:34 of 2nd period - Sidney Crosby is hit by John Tavares.
15:52 of 2nd period - Sidney Crosby is hit by John Tavares and loses puck.
16:02 of 2nd period - Off-side.
16:03 of 2nd period - Nick Bonino wins face-off versus Jonathan Drouin in neutral zone.
16:59 of 2nd period - Slapshot by Kasperi Kapanen.
16:59 of 2nd period - Shot Blocked by Alex Pietrangelo.
17:13 of 2nd period - Noel Acciari is hit by Colton Sceviour and loses puck.
17:22 of 2nd period - Slapshot by Alex Pietrangelo.
17:22 of 2nd period - Stopped by Marc-Andre Fleury without a rebound.
17:23 of 2nd period - Jonathan Drouin wins face-off versus John Tavares in Red Wings zone.
18:13 of 2nd period - Snap shot by Brandon Dubinsky.
18:13 of 2nd period - Shot Misses the Net.
18:15 of 2nd period - Wrist shot by Noel Acciari.
18:15 of 2nd period - Stopped by Darcy Kuemper without a rebound.
18:16 of 2nd period - Brandon Dubinsky wins face-off versus Teuvo Teravainen in Sharks zone.
18:49 of 2nd period - Wrist shot by Jonathan Huberdeau.
18:49 of 2nd period - Goal by Jonathan Huberdeau - Red Wings : 1 - Sharks : 1.
18:50 of 2nd period - Sidney Crosby wins face-off versus John Tavares in neutral zone.
19:03 of 2nd period - Mark Scheifele is hit by Alex Pietrangelo.
19:42 of 2nd period - Slapshot by Duncan Keith.
19:42 of 2nd period - Deflect By Henrik Borgstrom.
19:42 of 2nd period - Stopped by Darcy Kuemper with a rebound.
19:53 of 2nd period - Off-side.
19:54 of 2nd period - John Tavares wins face-off versus Sidney Crosby in neutral zone.
Goals for this period are 1 for Red Wings vs 1 for Sharks.
Shots for this period are 21 for Red Wings vs 7 for Sharks.

3rd period


0:01 of 3rd period - John Tavares wins face-off versus Sidney Crosby in neutral zone.
0:08 of 3rd period - Snap shot by David Pastrnak.
0:08 of 3rd period - Stopped by Darcy Kuemper without a rebound.
0:09 of 3rd period - Sidney Crosby wins face-off versus John Tavares in Sharks zone.
0:41 of 3rd period - Off-side.
0:42 of 3rd period - Lars Eller wins face-off versus Jonathan Huberdeau in neutral zone.
0:45 of 3rd period - Wrist shot by Kasperi Kapanen.
0:45 of 3rd period - Stopped by Darcy Kuemper without a rebound.
0:46 of 3rd period - Lars Eller wins face-off versus Jonathan Huberdeau in Sharks zone.
0:57 of 3rd period - Backhand shot by Kasperi Kapanen.
0:57 of 3rd period - Stopped by Darcy Kuemper with a rebound.
1:21 of 3rd period - Slapshot by Jonathan Drouin.
1:21 of 3rd period - Shot Misses the Net.
1:23 of 3rd period - Wrist shot by Michael Raffl.
1:23 of 3rd period - Stopped by Marc-Andre Fleury with a rebound.
1:25 of 3rd period - Slapshot by Jonathan Drouin.
1:25 of 3rd period - Deflect By Michael Raffl.
1:25 of 3rd period - Stopped by Marc-Andre Fleury without a rebound.
1:26 of 3rd period - Sidney Crosby wins face-off versus John Tavares in Red Wings zone.
2:15 of 3rd period - Snap shot by Jonathan Drouin.
2:15 of 3rd period - Shot Blocked by Sami Vatanen.
2:21 of 3rd period - Backhand shot by Jonathan Drouin.
2:21 of 3rd period - Shot Blocked by Noel Acciari.
2:23 of 3rd period - Slapshot by Alex Pietrangelo.
2:23 of 3rd period - Deflect By Sami Vatanen.
2:23 of 3rd period - Stopped by Marc-Andre Fleury without a rebound.
2:24 of 3rd period - Sidney Crosby wins face-off versus John Tavares in Red Wings zone.
2:39 of 3rd period - John Carlson is hit by Gabriel Landeskog and loses puck.
2:52 of 3rd period - Lars Eller is hit by Jonathan Huberdeau and loses puck.
3:12 of 3rd period - Icing by Jeff Petry.
3:13 of 3rd period - Brandon Dubinsky wins face-off versus Jonathan Drouin in Red Wings zone.
3:20 of 3rd period - Slapshot by John Carlson.
3:20 of 3rd period - Deflect By Noel Acciari.
3:20 of 3rd period - Stopped by Darcy Kuemper without a rebound.
3:21 of 3rd period - Sidney Crosby wins face-off versus John Tavares in Sharks zone.
3:21 of 3rd period - Sidney Crosby is hit by John Tavares.
3:47 of 3rd period - Gabriel Landeskog is hit by Sam Gagner and loses puck.
3:56 of 3rd period - Snap shot by Sam Gagner.
3:56 of 3rd period - Deflect By Nick Bonino.
3:56 of 3rd period - Stopped by Darcy Kuemper with a rebound.
4:14 of 3rd period - Sidney Crosby is hit by Sam Gagner and loses puck.
4:54 of 3rd period - Wrist shot by Dylan Larkin.
4:54 of 3rd period - Stopped by Marc-Andre Fleury without a rebound.
4:55 of 3rd period - Mark Scheifele wins face-off versus Jonathan Huberdeau in Red Wings zone.
5:31 of 3rd period - Slapshot by Michael Raffl.
5:31 of 3rd period - Shot Misses the Net.
7:02 of 3rd period - Snap shot by Matthew Nieto.
7:02 of 3rd period - Shot Misses the Net.
7:42 of 3rd period - Mirco Mueller is hit by Matthew Nieto and loses puck.
9:23 of 3rd period - Matthew Nieto is hit by Robert Thomas and loses puck.
9:48 of 3rd period - Wrist shot by Henrik Borgstrom.
9:48 of 3rd period - Stopped by Darcy Kuemper with a rebound.
10:00 of 3rd period - Wrist shot by Gabriel Landeskog.
10:00 of 3rd period - Stopped by Marc-Andre Fleury with a rebound.
10:02 of 3rd period - Snap shot by Gabriel Landeskog.
10:02 of 3rd period - Stopped by Marc-Andre Fleury without a rebound.
10:03 of 3rd period - John Tavares wins face-off versus Jonathan Huberdeau in Red Wings zone.
10:05 of 3rd period - Minor Penalty to David Pastrnak for High sticking.
10:06 of 3rd period - John Tavares wins face-off versus Jonathan Huberdeau in Red Wings zone.
10:20 of 3rd period - Slapshot by Jonathan Huberdeau.
10:20 of 3rd period - Stopped by Marc-Andre Fleury with a rebound.
12:05 of 3rd period - Penalty to David Pastrnak is over, David Pastrnak is back on ice.
12:28 of 3rd period - Wrist shot by Daniel Carr.
12:28 of 3rd period - Stopped by Darcy Kuemper with a rebound.
13:14 of 3rd period - Backhand shot by Matthew Nieto.
13:14 of 3rd period - Shot Misses the Net.
14:27 of 3rd period - Off-side.
14:28 of 3rd period - Jonathan Drouin wins face-off versus Brandon Dubinsky in neutral zone.
14:55 of 3rd period - Jonathan Drouin is hit by Lars Eller.
15:34 of 3rd period - Gabriel Landeskog is hit by Steven Santini and loses puck.
16:02 of 3rd period - Justin Braun is hit by Lars Eller and loses puck.
17:04 of 3rd period - Tyson Barrie is hit by Matthew Nieto and loses puck.
17:43 of 3rd period - Slapshot by David Pastrnak.
17:43 of 3rd period - Deflect By John Tavares.
17:43 of 3rd period - Shot Blocked by Teuvo Teravainen.
17:43 of 3rd period - Puck is out of play.
17:44 of 3rd period - Jonathan Huberdeau wins face-off versus John Tavares in Sharks zone.
18:21 of 3rd period - Steven Santini is hit by Tyson Barrie and loses puck.
18:49 of 3rd period - Michael Raffl is hit by Kasperi Kapanen and loses puck.
19:07 of 3rd period - Snap shot by Jonathan Drouin.
19:07 of 3rd period - Stopped by Marc-Andre Fleury without a rebound.
19:08 of 3rd period - Sidney Crosby wins face-off versus Nick Bonino in Red Wings zone.
Goals for this period are 0 for Red Wings vs 0 for Sharks.
Shots for this period are 7 for Red Wings vs 8 for Sharks.

Overtime #1


0:01 of 1st overtime period - John Tavares wins face-off versus Sidney Crosby in neutral zone.
0:27 of 1st overtime period - Alex Pietrangelo is hit by David Pastrnak and loses puck.
1:13 of 1st overtime period - Off-side.
1:14 of 1st overtime period - Sidney Crosby wins face-off versus John Tavares in neutral zone.
1:22 of 1st overtime period - Slapshot by Justin Braun.
1:22 of 1st overtime period - Shot Blocked by Mark Scheifele.
1:24 of 1st overtime period - Snap shot by Sidney Crosby.
1:24 of 1st overtime period - Shot Misses the Net.
1:26 of 1st overtime period - Slapshot by Justin Braun.
1:26 of 1st overtime period - Shot Misses the Net.
1:28 of 1st overtime period - Wrist shot by Sidney Crosby.
1:28 of 1st overtime period - Shot Misses the Net.
1:50 of 1st overtime period - Wrist shot by David Pastrnak.
1:50 of 1st overtime period - Shot Blocked by Justin Braun.
2:16 of 1st overtime period - Snap shot by Nick Bonino.
2:16 of 1st overtime period - Stopped by Darcy Kuemper without a rebound.
2:17 of 1st overtime period - Boone Jenner wins face-off versus John Tavares in Sharks zone.
2:36 of 1st overtime period - Slapshot by Teuvo Teravainen.
2:36 of 1st overtime period - Stopped by Marc-Andre Fleury with a rebound.
3:00 of 1st overtime period - Snap shot by Boone Jenner.
3:00 of 1st overtime period - Goal by Boone Jenner - Red Wings : 1 - Sharks : 2.
Goals for this period are 0 for Red Wings vs 1 for Sharks.
Shots for this period are 1 for Red Wings vs 2 for Sharks.